 Dungeon Crawl Stone Soup version 0.29.1-2-gbd0b4ee654 (webtiles) character file.

Game seed: 14328054694800072440

65 speeev123 the Trooper (level 4, 0/41 HPs)
             Began as a Hill Orc Fighter on Nov 2, 2022.
             Killed from afar by Ijyb (23 damage)
             ... with a bolt of acid
             ... on level 3 of the Dungeon.
             The game lasted 00:05:29 (2274 turns).

speeev123 the Trooper (Hill Orc Fighter)            Turns: 2274, Time: 00:05:30

Health: 0/41       AC:  8    Str: 20    XL:     4   Next: 13%
Magic:  4/4        EV:  9    Int:  8    God:
Gold:   169        SH:  4    Dex: 10    Spells: 3/3 levels left

rFire   . . .      SeeInvis .   a - +0 war axe
rCold   . . .      Faith    .   c - +0 buckler
rNeg    . . .      Spirit   .   b - +0 scale mail
rPois   .          Reflect  .   l - +0 helmet
rElec   .          Harm     .   (no cloak)
rCorr   .          Rampage  .   (no gloves)
Will    +....                   (no boots)
Stlth   ..........              (no amulet)
HPRegen 0.13/turn               h - ring of willpower
MPRegen 0.09/turn               (no ring)

@: mighty
A: no striking features
a: no special abilities


You were on level 3 of the Dungeon.
You visited 1 branch of the dungeon, and saw 3 of its levels.

You collected 169 gold pieces.

Inventory:

Hand Weapons
 a - a +0 war axe (weapon)
Armour
 b - a +0 scale mail (worn)
 c - a +0 buckler (worn)
 l - a +0 helmet (worn)
Jewellery
 h - a ring of willpower (left hand)
Wands
 o - a wand of mindburst (17)
Scrolls
 e - a scroll of enchant armour {unknown}
 g - 2 scrolls of immolation {unknown}
 i - 3 scrolls of identify {unknown}
 m - a scroll of silence {unknown}
 n - a scroll of teleportation {unknown}
 p - a scroll of blinking {unknown}
 r - a scroll of brand weapon {unknown}
Potions
 d - a potion of might
 f - a potion of magic {unknown}
 j - 2 potions of curing {unknown}
 k - a potion of flight {unknown}
 q - a potion of lignification {unknown}
 s - a potion of invisibility {unknown}


   Skills:
 + Level 4.3 Fighting
 + Level 3.7 Axes
 + Level 3.8 Armour
 + Level 3.9 Shields


You had 3 spell levels left.
You didn't know any spells.
Your spell library contained the following spells:

 Spells                   Type           Power      Damage    Failure   Level
 Summon Lightning Spire   Summ/Air       0%         N/A       100%        4
 Storm Form               Tmut/Air       0%         N/A       100%        7
 Maxwell's Capacitive Co  Air            0%         ∞         100%        8


Dungeon Overview and Level Annotations

Branches:
Dungeon (3/15)

Altars:

Shops:
D:1 =

Annotations:
D:3 Ijyb


Message History

Ijyb zaps a wand.
The bolt of acid hits you! You block the adder's attack. The adder bites you.
You feel very mighty all of a sudden. The adder completely misses you.
A worm comes into view.
You slash the adder!
The adder is almost dead.
The adder bites you but does no damage. x2
You completely miss the adder.
The adder is almost dead.
The adder bites you but does no damage.
You barely miss the adder.
The adder is almost dead.
The adder closely misses you. The adder bites you but does no damage.
You barely miss the adder.
The adder is almost dead.
You block the adder's attack. x2
You miss the adder.
The adder is almost dead.
The adder closely misses you. The adder bites you but does no damage.
You closely miss the adder.
The adder is almost dead.
The adder bites you but does no damage.
You completely miss the adder.
The adder is almost dead.
The adder closely misses you. The adder misses you.
The endoplasm jiggles.
You slash the adder!
You kill the adder!
You have reached level 4!
You slash Ijyb!
Ijyb is heavily wounded.
Ijyb hits you with a +0 dagger. Ijyb hits you but does no damage.
Unknown command.
You barely miss Ijyb.
Ijyb is heavily wounded.
Ijyb zaps a wand.
The bolt of acid hits you!!
Ouch! That really hurt!
You die...

##### ## #
...# .. ..
#..# .###..#
#..# .....
#..###w.##..#
#...@gg..<...
##<###J.....#
#.# ..#####
#.# ..# #$#
..# #.# ...
#.# ..## #..
... ###


You could see Ijyb, a worm, an endoplasm and a goblin.

Vanquished Creatures
  2 adders
  5 dart slugs
  5 endoplasms
  3 giant cockroaches
  4 goblins (D:1)
  3 hobgoblins
  3 kobolds
  3 ball pythons
  A bat (D:1)
  4 frilled lizards
  4 rats
37 creatures vanquished.

Notes
Turn   | Place    | Note
-------+----------+-------------------------------------------
     0 | D:1      | speeev123 the Hill Orc Fighter began the quest for the Orb.
     0 | D:1      | Reached XP level 1. HP: 19/19 MP: 1/1
   630 | D:1      | Reached XP level 2. HP: 27/27 MP: 2/2
   800 | D:1      | Reached skill level 4 in Fighting
   809 | D:1      | Reached XP level 3. HP: 18/33 MP: 3/3
  1253 | D:1      | Found Feaqam's One-of-a-Kind Rings.
  1361 | D:2      | Found a faded altar of an unknown god.
  1977 | D:2      | Identified the +8 sling of Resourcefulness {vorpal, Fly
                  | rElec rPois Dex+4}
  2259 | D:3      | Noticed Ijyb
  2273 | D:3      | Reached XP level 4. HP: 24/41 MP: 4/4
  2274 | D:3      | Killed from afar by Ijyb

Illustrated notes

Levels and vault maps discovered:
D:1:      nzn_arrival_water_spiral, layout_basic, serial_park_tiny_1,
          nicolae_shop_unique_rings
D:2:      wander_river, layout_basic, serial_aquarium, aquarium_bridge_square
          [aquarium_subvault_wall, aquarium_subvault_wall,
          aquarium_subvault_bridge, aquarium_subvault_bridge],
          aquarium_bridge_square [aquarium_subvault_wall,
          aquarium_subvault_bridge, aquarium_subvault_bridge,
          aquarium_subvault_wall], aquarium_window_fake, aquarium_window_2,
          aquarium_window_2, aquarium_view_2b, aquarium_view_2d,
          aquarium_pool_split, nicolae_ecumenical_oubliette
D:3:      layout_loops_ring, grunt_temple_overflow_order_and_chaos_2,
          kiku_gazebo_garden_becter, gammafunk_ghost_mausoleum, uniq_ijyb

Skill      XL: |  1  2 |
---------------+-------+-----
Axes           | 3 |  3.7
Fighting       | 4 |  4.3
Armour         | |  3.8
Shields        | |  3.9

Action                   |  1- 3 |  4- 6 || total
-------------------------+-------+-------++-------
Melee: War axe           |    92 |     2 ||    94
  Use: Potion            |     1 |       ||     1
Armor: Scale mail        |    50 |     1 ||    51
Dodge: Dodged            |    41 |       ||    41
Block: Buckler           |    19 |       ||    19
